 Dungeon Crawl Stone Soup version 0.30-a0-901-g7006a02 (webtiles) character file.

Game seed: 6339066945739184788

798 Illumine the Covered (level 7, -4/64 HPs)
             Began as an Armataur Fighter on Mar 18, 2023.
             Slain by an ice beast (7 damage)
             ... on level 5 of the Dungeon.
             The game lasted 00:05:12 (3722 turns).

Illumine the Covered (Armataur Fighter)             Turns: 3722, Time: 00:05:13

Health: -4/64      AC:  9    Str: 23    XL:     7   Next: 58%
Magic:  7/7        EV:  3    Int:  9    God:
Gold:   268        SH: 14    Dex:  9    Spells: 6/6 levels left

rFire   . . .      SeeInvis .    a - +0 flail
rCold   . . .      Faith    .    s - +2 tower shield
rNeg    . . .      Spirit   .    m - +0 chain mail
rPois   .          Reflect  .    (no helmet)
rElec   .          Roll     +    (no cloak)
rCorr   .                        (no gloves)
Will    .....                    (no barding) Stlth
                                 (no amulet)
HPRegen 0.30/turn                (no ring)
MPRegen 0.10/turn                (no ring)

@: no status effects
A: large, rugged brown scales 3, deformed body, armoured tail, roll, long
tongue, awkward tongue
a: no special abilities


You were on level 5 of the Dungeon.
You visited 1 branch of the dungeon, and saw 5 of its levels.

You collected 268 gold pieces.

Inventory:

Hand Weapons
 a - a +0 flail (weapon)
 v - the +5 hand axe "Hydrabane" {freeze, rC- rN+ rCorr Dex+4}
   (You found it on level 5 of the Dungeon)

   Dex:       It affects your dexterity (+4).
   rC:        It makes you vulnerable to cold.
   rN:        It protects you from negative energy.
   rCorr:     It protects you from acid and corrosion.
Armour
 m - a +0 chain mail (worn)
 s - a +2 tower shield (worn)
Jewellery
 w - a ring of protection from cold
Wands
 u - a wand of flame (11)
Scrolls
 c - a scroll of fog {unknown}
 e - 3 scrolls of identify {unknown}
 f - 3 scrolls of teleportation {unknown}
 g - 2 scrolls of enchant armour {unknown}
 h - 4 scrolls of butterflies {unknown}
 k - a scroll of vulnerability {unknown}
 l - 5 scrolls of magic mapping {unknown}
 t - a scroll of fear {unknown}
Potions
 b - a potion of haste {unknown}
 d - 2 potions of might
 i - 2 potions of heal wounds {unknown}
 j - 4 potions of curing
 n - 2 potions of flight {unknown}
 o - a potion of mutation {unknown}
 p - 2 potions of attraction {unknown}
 q - a potion of lignification {unknown}
 r - a potion of degeneration {unknown}


   Skills:
 + Level 4.3 Fighting
 * Level 5.1 Maces & Flails
 + Level 5.8 Armour
 + Level 5.3 Shields


You had 6 spell levels left.
You didn't know any spells.
Your spell library contained the following spells:

 Spells                   Type           Power      Damage    Failure   Level
 Summon Small Mammal      Summ           0%         N/A       100%        1
 Call Canine Familiar     Summ           0%         N/A       100%        3
 Portal Projectile        Hex/Tloc       0%         N/A       100%        3
 Summon Guardian Golem    Hex/Summ       0%         N/A       100%        3
 Tukima's Dance           Hex            0%         N/A       100%        3
 Blade Hands              Tmut           0%         N/A       100%        5


Dungeon Overview and Level Annotations

Branches:
Dungeon (5/15)
 Temple: D:4-7

Altars:
Ashenzari
Cheibriados
Ru
Sif Muna
Uskayaw

Shops:
D:2 [(


Innate Abilities, Weirdness & Mutations

You are completely covered in rugged brown scales. (AC +3, +7% HP)
Armour fits poorly on your strangely shaped body.
You have a long armoured tail.
You roll when moving toward enemies. (Rampage)
Your long tongue fully drains potion bottles. (2x potion effects)
Your tongue gives you trouble enunciating. (1.5x scroll delay)


Message History

You roll towards the ogre!
Aiming: Throw Flame
Press: ? - help, Shift-Dir - straight line, f - ogre
Aim: an ogre, wielding a +0 giant club (85% to hit)
The puff of flame hits the ogre.
The ogre is lightly wounded.
You hit the ogre.
The ogre is moderately wounded.
An ice beast comes into view.
You block the ogre's attack.
You hit the ogre but do no damage.
The ogre is moderately wounded.
The ogre hits you with a +0 giant club!
You barely miss the ogre.
The ogre is moderately wounded.
The ogre hits you with a +0 giant club!!
You barely miss the ogre. You tail-slap the ogre.
The ogre is heavily wounded.
The ogre hits you with a +0 giant club!!
* * * LOW HITPOINT WARNING * * *
You thump the ogre!
Your tail-slap misses the ogre.
The ogre is almost dead.
The ogre hits you with a +0 giant club.
* * * LOW HITPOINT WARNING * * *
You barely miss the ogre.
The ogre is almost dead.
You block the ogre's attack.
You hit the ogre. You tail-slap the ogre.
You kill the ogre!
The ice beast barely misses you.
You sock the ice beast!
You tail-slap the ice beast, but do no damage.
The ice beast is moderately wounded.
You block the ice beast's attack.
You barely miss the ice beast.
The ice beast is moderately wounded.
The ice beast hits you.
* * * LOW HITPOINT WARNING * * *
The ice beast freezes you!
You die...

# # # # #########
##......################
........'.......@Y......
##......#########################
.................................
#####..##################..##....
# ##.##...########### #..##.###
#####8)8#...#.........###..##.###
...+..................+......>...
..###8.8#...#.........###.###.###
..####.##...#####...### #........


You could see an ice beast.

Vanquished Creatures
  A water moccasin (D:4)
  A black bear (D:5)
  An ice beast (D:5)
  An ogre (D:5)
  A centaur (D:5)
  A scorpion (D:5)
  A howler monkey (D:4)
  A hound (D:5)
  A jelly (D:4)
  2 iguanas (D:5)
  A gnoll (D:1)
  8 adders
  A worm (D:2)
  A dart slug (D:1)
  2 endoplasms
  8 giant cockroaches
  4 goblins
  10 hobgoblins
  7 ball pythons
  9 bats
  2 frilled lizards
  5 kobolds
  4 rats
73 creatures vanquished.

Vanquished Creatures (others)
  A demonic plant (D:1)
  A plant (D:1)
2 creatures vanquished.

Grand Total: 75 creatures vanquished

Notes
Turn   | Place    | Note
-------+----------+-------------------------------------------
     0 | D:1      | Illumine the Armataur Fighter began the quest for the Orb.
     0 | D:1      | Reached XP level 1. HP: 19/19 MP: 1/1
   168 | D:1      | Reached XP level 2. HP: 26/26 MP: 2/2
   262 | D:1      | Found a faded altar of an unknown god.
   516 | D:1      | Reached XP level 3. HP: 30/33 MP: 3/3
   684 | D:2      | Found Loolla Erish's Armour Shop.
  1174 | D:2      | Reached XP level 4. HP: 39/40 MP: 4/4
  1271 | D:2      | Found Uhupemok's Weapon Shop.
  1905 | D:3      | Found a snail-covered altar of Cheibriados.
  1906 | D:3      | Found a sacrificial altar of Ru.
  1906 | D:3      | Found a broken altar of Ashenzari.
  1910 | D:3      | Found a hide-covered altar of Uskayaw.
  1912 | D:3      | Found a shimmering blue altar of Sif Muna.
  2170 | D:4      | Reached XP level 5. HP: 43/48 MP: 5/5
  2412 | D:4      | Noticed a water moccasin
  2429 | D:4      | Killed a water moccasin
  2430 | D:4      | Reached XP level 6. HP: 17/55 MP: 6/6
  2820 | D:4      | Identified the +0 robe of Theory {Fly rF+ rC- Str+3}
  3075 | D:5      | Entered Level 5 of the Dungeon
  3095 | D:5      | Reached skill level 5 in Armour
  3130 | D:5      | Identified the +5 hand axe "Hydrabane" {freeze, rC- rN+
                  | rCorr Dex+4}
  3264 | D:5      | Noticed an ice beast
  3277 | D:5      | Killed an ice beast
  3307 | D:5      | Reached skill level 5 in Shields
  3307 | D:5      | Reached XP level 7. HP: 56/63 MP: 7/7
  3626 | D:5      | Reached skill level 5 in Maces & Flails
  3718 | D:5      | HP: 2/63 [ogre/+0 giant club (2)]
  3722 | D:5      | Slain by an ice beast

Illustrated notes

Levels and vault maps discovered:
D:1:      dpeg_arrival_arbitrary_b, layout_basic, shapermc_ecumenical_altar_gd
D:2:      layout_loops_ring, serial_shops, nicolae_shop_statue_plus, shop
D:3:      layout_rooms, minitemple
D:4:      layout_cave_pods
D:5:      layout_basic, serial_corexii_hall, corexii_hall_statues_t,
          corexii_hall_statues_s, corexii_hall_statues_s,
          corexii_hall_statues_i, small_statue_intersection

Skill      XL: |  1  2  3  4  5  6  7 |
---------------+----------------------+-----
Maces & Flails | 2 3 4 5 |  5.1
Fighting       | 3 4 |  4.3
Armour         | 4 5 |  5.8
Shields        | 4 5 |  5.3

Action                     |  1- 3 |  4- 6 |  7- 9 || total
---------------------------+-------+-------+-------++-------
  Melee: Flail             |    99 |   110 |    31 ||   240
         Tailslap          |    10 |    13 |     7 ||    30
  Evoke: Wand              |       |     2 |     1 ||     3
    Use: Potion            |       |     1 |       ||     1
 Armour: Scale mail        |    31 |       |       ||    31
         Chain mail        |    17 |    54 |    11 ||    82
  Dodge: Dodged            |    37 |    26 |    12 ||    75
  Block: Buckler           |    19 |     6 |       ||    25
         Tower shield      |       |    57 |    28 ||    85

Table legend: (Time is in decaauts)
 A = Elapsed time spent in this place.
 B = Non-inter-level travel time spent in this place.
 C = Inter-level travel time spent in this place.
 D = Time resting spent in this place.
 E = Time spent auto-exploring this place.
 F = Levels seen in this place.
 G = Mean time per level.
                   A        B        C        D        E       F      G
               +--------+--------+--------+--------+--------+-----+--------+
         Total |   3811 |   3716 |     95 |    380 |   2681 |   5 |  762.2 |
       Dungeon |   3811 |   3716 |     95 |    380 |   2681 |   5 |  762.2 |
               +--------+--------+--------+--------+--------+-----+--------+

Top non-repeatable levels by time:
     D:4: 1013 daAuts
     D:2: 750 daAuts
     D:1: 695 daAuts
     D:3: 677 daAuts
     D:5: 673 daAuts
